 Dungeon Crawl Stone Soup version 0.19.5 (webtiles) character file.

37 McKennaii the Skirmisher (level 3, -3/29 HPs)
             Began as a Demonspawn Abyssal Knight on Apr 27, 2017.
             Was a Believer of Lugonu.
             Slain by Sigmund
             ... wielding a +0 scythe
              (5 damage)
             ... on level 2 of the Dungeon.
             The game lasted 00:03:02 (845 turns).

McKennaii the Skirmisher (Demonspawn Abyssal Knight) Turns: 845, Time: 00:03:02

Health: -3/29      AC:  3    Str: 12    XL:     3   Next: 23%
Magic:  4/4        EV: 11    Int: 19    God:    Lugonu [**....]
Gold:   37         SH:  0    Dex: 13    Spells: 0 memorised, 2 levels left

rFire  . . .     SeeInvis .     d - +6 great sword "Beetlebane" {slice, rElec Int+6}
rCold  . . .     Gourm    .     b - +0 leather armour
rNeg   . . .     Faith    .     (shield currently unavailable)
rPois  .         Spirit   .     (no helmet)
rElec  +         Reflect  .     (no cloak)
rCorr  .         Harm     .     (no gloves)
MR     .....                    (no boots)
Stlth  +.........               (no amulet)
                                (no ring)
                                (no ring)

@: confused
A: powered by death 1
a: Depart the Abyss, Bend Space, Renounce Religion


You were on level 2 of the Dungeon.
You worshipped Lugonu.
Lugonu was pleased with you.
You were not hungry.

You visited 1 branch of the dungeon, and saw 2 of its levels.
You visited the Abyss 1 time.

You collected 37 gold pieces.

Inventory:

Hand Weapons
 d - the +6 great sword "Beetlebane" (weapon) {slice, rElec Int+6}
   (You found it on level 2 of the Abyss)

   It inflicts extra damage upon your enemies.
   It affects your intelligence (+6).
   It insulates you from electricity.
Armour
 b - a +0 leather armour (worn)
Scrolls
 f - a scroll of blinking {unknown}
 k - a scroll of noise {unknown}
 l - a scroll of identify {unknown}
Potions
 e - a potion of agility {unknown}
 h - a potion of curing {unknown}
 i - 2 potions of flight {unknown}
 j - a potion of invisibility {unknown}
Comestibles
 a - a beef jerky
 c - a bread ration
 g - 3 meat rations


   Skills:
 + Level 3.4 Fighting
 + Level 2.5 Long Blades
 + Level 2.0 Armour
 + Level 1.1 Dodging
 + Level 2.6 Invocations


You had 2 spell levels left.
You didn't know any spells.

Dungeon Overview and Level Annotations

Branches:
Dungeon (2/15)

Altars:
Makhleb

Annotations:
D:2 Sigmund


Innate Abilities, Weirdness & Mutations

You regenerate a little health from kills.


Message History

You feel less confused. The bat closely misses you.
You barely miss the bat. The bat barely misses you.
You riposte.
You closely miss the bat. Something hits you but does no damage.
The leopard gecko closely misses you. Something hits you.
* * * LOW HITPOINT WARNING * * *
The leopard gecko bites you.
* * * LOW HITPOINT WARNING * * *
The bat barely misses you.
You hear some strange, mumbled words.
You are confused.
The leopard gecko bites you.
* * * LOW HITPOINT WARNING * * *
You hear some strange, mumbled words.
You are more confused.
The bat barely misses you.
You miss the bat. The bat hits you.
* * * LOW HITPOINT WARNING * * *
The leopard gecko closely misses you. Something hits you.
You die...

♣.P♣..........# #....# .#
P♣...........†###....#..#
...##.............####..#
.#..####...#............#
.##. #.#.####......(..# .
#.#...#.........##
#.###.#.........# #.#
#.#.........#
##.###....@..†...#
.........l..<...[##
.............†....#
...........b.......#
..######.........### .
#.........# #...........P
...#.......#..P
♣.P♣.....P..P♣♣♣


You could see a leopard gecko and a bat.

Vanquished Creatures
  A dart slug (D:1)
  2 leopard geckos
  A giant cockroach (D:1)
  3 goblins
  6 hobgoblins
  4 kobolds (D:1)
  A ball python (D:2)
  7 bats
  3 frilled lizards
  4 rats (D:1)
32 creatures vanquished.

Notes
Turn   | Place    | Note
-------+----------+-------------------------------------------
     0 | Abyss:1  | McKennaii the Demonspawn Abyssal Knight began the quest for the Orb.
     0 | Abyss:1  | Reached XP level 1. HP: 18/18 MP: 2/2
     8 | Abyss:2  | Found a corrupted altar of Lugonu.
    16 | Abyss:2  | Noticed a blizzard demon
    36 | Abyss:2  | Got a fine great sword
    40 | D:1      | Escaped the Abyss
    41 | D:1      | Identified the +6 great sword "Beetlebane" {slice, rElec Int+6} (You found it on level 2 of the Abyss)
    64 | D:1      | Reached skill level 1 in Dodging
   189 | D:1      | Gained mutation: You regenerate a little health from kills. [demonic ancestry]
   189 | D:1      | Reached XP level 2. HP: 9/24 MP: 3/3
   750 | D:2      | Reached ** piety under Lugonu
   750 | D:2      | Reached XP level 3. HP: 28/29 MP: 4/4
   761 | D:2      | Found a burning altar of Makhleb.
   818 | D:2      | Noticed Sigmund
   845 | D:2      | Slain by Sigmund

Skill      XL: |  1  2 |
---------------+-------+-----
Dodging        | 1 |  1.1
Long Blades    | 2 |  2.5
Armour         | 2 |  2.0
Fighting       | |  3.4
Invocations    | |  2.6

Action                   || total
-------------------------++-------
Melee: Great sword       ||    55
 Stab: Sleeping          ||     1
Armor: Leather armour    ||    21
Dodge: Dodged            ||    46
       Rpst.: Great sword ||    13
